 Dungeon Crawl Stone Soup version 0.26-a0-540-g8a0c9464d7 (webtiles) character file.

Game seed: 11029426538228496450

137 Inarius the Skirmisher (level 5, -1/42 HPs)
             Began as a Mummy Wanderer on Aug 23, 2020.
             Killed from afar by an orc wizard (7 damage)
             ... with a magic dart
             ... on level 3 of the Dungeon.
             The game lasted 00:05:02 (3340 turns).

Inarius the Skirmisher (Mummy Wanderer)             Turns: 3340, Time: 00:05:02

Health: -1/42      AC:  6    Str: 16    XL:     5   Next: 0%
Magic:  5/5        EV: 10    Int: 12    God:
Gold:   192        SH:  3    Dex: 11    Spells: 4/4 levels left

rFire    x . .     SeeInvis .   b - +0 hand axe
rCold    + . .     Faith    +   j - +0 buckler
rNeg     + + +     Spirit   .   a - +0 ring mail
rPois    ∞         Reflect  .   (no helmet)
rElec    .         Harm     .   (no cloak)
rCorr    .                      (no gloves)
MR       .....                  d - +0 pair of boots
Stlth    +.........             k - amulet of faith
HPRegen  0.14/turn              m - +4 ring of slaying
MPRegen  0.09/turn              (no ring)

@: no status effects
A: no potions, fire vulnerability, cold resistance 1, negative energy resistance
3, torment resistance, unbreathing
a: no special abilities


You were on level 3 of the Dungeon.
You visited 1 branch of the dungeon, and saw 4 of its levels.

You collected 192 gold pieces.

Inventory:

Hand Weapons
 b - a +0 hand axe (weapon)
Missiles
 i - 2 curare-tipped darts
 l - a throwing net
 o - 8 boomerangs (quivered)
 t - 18 poisoned darts
Armour
 a - a +0 ring mail (worn)
 d - a +0 pair of boots (worn)
 e - a +0 plate armour
 j - a +0 buckler (worn)
 u - a +0 chain mail
Jewellery
 g - an uncursed amulet of guardian spirit
 k - an amulet of faith (around neck)
 m - a +4 ring of slaying (left hand)
 w - an uncursed amulet of the acrobat
 y - an uncursed ring of stealth {unknown}
Scrolls
 c - 2 scrolls of enchant weapon {unknown}
 f - 2 scrolls of fear {unknown}
 h - 5 scrolls of enchant armour {unknown}
 n - a scroll of blinking {unknown}
 p - 2 scrolls of identify {unknown}
 q - 3 scrolls of immolation {unknown}
 r - a scroll of fog {unknown}
 s - 2 scrolls of teleportation {unknown}
 v - a scroll of remove curse {unknown}
 x - a scroll of magic mapping {unknown}


   Skills:
 + Level 4.2 Fighting
 * Level 2.3 Axes
   Level 1.0 Bows
 - Level 1.6 Throwing
 + Level 2.0 Armour
 - Level 1.0 Dodging
 - Level 1.0 Stealth
 + Level 0.7 Shields


You had 4 spell levels left.
You didn't know any spells.
Your spell library was empty.

Dungeon Overview and Level Annotations

Branches:
Dungeon (4/15)
 Temple: D:4-7

Altars:
Ashenzari
Cheibriados
Hepliaklqana
Trog
Wu Jian
Xom


Innate Abilities, Weirdness & Mutations

You do not drink.
Your flesh is vulnerable to fire.
You are immune to poison.
Your flesh is cold resistant. (rC+)
You are immune to negative energy. (rN+++)
You are immune to unholy pain and torment.
You can survive without breathing.


Message History

The orc wizard barely misses you.
Throwing (i - inventory. (/) - cycle)
o - 8 boomerangs (quivered)
Press: ? - help, Shift-Dir - straight line, f/p - orc wizard
Aim: an orc wizard, wielding a +0 dagger and wearing a cursed +0 robe (severely wounded, fast)
You throw a boomerang. The boomerang hits the orc wizard.
The orc wizard is almost dead.
The orc wizard completely misses you.
The orc wizard points at you and mumbles some strange words.
The magic dart hits you.
Throwing (i - inventory. (/) - cycle)
o - 8 boomerangs (quivered)
Press: ? - help, Shift-Dir - straight line, f/p - orc wizard
Aim: an orc wizard, wielding a +0 dagger and wearing a cursed +0 robe (almost dead, fast)
You throw a boomerang.
The boomerang barely misses the orc wizard.
The orc wizard points at you and mumbles some strange words.
The magic dart hits you!
* * * LOW HITPOINT WARNING * * *
The orc wizard points at you and mumbles some strange words.
The magic dart hits you!
You die...

#.........#.#..####.########.#
#.
#####.###.#.#................#
#. #
#.###.#..#.####.############.
# #.....#....# #.#............
############...#
#.##.##########
...............#
#.##.##########
.......####....#
#.#............ ######.#
#....####.######..##### ..#
#.# #...>.@o......##..# # #.#
#.####.#.#####.###.##..# # #.#
#.##.............#.##..# # #.#
#.##.#.#.#####.#.#.##..# # #.#
#.##.#.........#.#.#...# # #.#
#.##......######.#.#..## # #.#
#.######..#......#.#..# # ..#
#.# #..#.###..#.######### #.#
#.# ####.# #..#.#........


You could see an orc wizard (fast).

Vanquished Creatures
  5 adders
  2 oozes (D:3)
  4 worms
  A dart slug (D:2)
  A leopard gecko (D:3)
  5 orcs (D:3)
  4 ball pythons
  5 bats
  3 giant cockroaches
  7 goblins
  6 hobgoblins
  A jackal (D:3)
  2 quokkas
  6 frilled lizards
  A giant cockroach zombie (D:3)
  5 kobolds
  12 rats
70 creatures vanquished.

Notes
Turn   | Place    | Note
-------+----------+-------------------------------------------
     0 | D:1      | Inarius the Mummy Wanderer began the quest for the Orb.
     0 | D:1      | Inarius set off with the following items: a +2 dagger, 2
                  | curare-tipped darts, a +0 hand axe, a +0 shortbow, 27
                  | arrows, a +0 robe
     0 | D:1      | Reached XP level 1. HP: 18/18 MP: 1/1
   896 | D:2      | Reached XP level 2. HP: 24/24 MP: 2/2
  1173 | D:2      | Reached XP level 3. HP: 26/30 MP: 3/3
  1230 | D:2      | Reached skill level 1 in Axes
  1350 | D:2      | Reached skill level 4 in Fighting
  1572 | D:2      | Found a shattered altar of Ashenzari.
  1662 | D:2      | Found a hazy altar of Hepliaklqana.
  1663 | D:2      | Found a shimmering altar of Xom.
  1663 | D:2      | Found an ornate altar of the Wu Jian Council.
  1666 | D:2      | Found a snail-covered altar of Cheibriados.
  1749 | D:3      | Noticed a moth of wrath
  1752 | D:3      | Found a bloodstained altar of Trog.
  1787 | D:3      | Reached XP level 4. HP: 33/37 MP: 4/4
  2168 | D:3      | Found a faded altar of an unknown god.
  2881 | D:3      | Reached XP level 5. HP: 42/42 MP: 5/5
  3340 | D:3      | Killed from afar by an orc wizard

Illustrated notes

Levels and vault maps discovered:
D:1:      roderic_crossed_star, layout_loops_ring
D:2:      layout_basic, overflow_temple_1_default, minitemple
D:3:      layout_basic, tgw_trog, chequers_ecumenical_altar_island,
          minmay_pentangle
D:4:      layout_loops_ring, kennysheep_decorative_pillar, grunt_ministairs_15,
          chequers_serial_rivers_micro_d, hangedman_decor_push,
          nicolae_ru_the_path_less_chosen

Skill      XL: |  1  2  3  4 |
---------------+-------------+-----
Axes           | 1 2 |  2.3
Fighting       | 4 |  4.2
Armour         | 2 |  2.0
Bows           | |  1.0
Throwing       | |  1.6
Dodging        | |  1.0
Stealth        | |  1.0
Shields        | |  0.7

Action                   |  1- 3 |  4- 6 || total
-------------------------+-------+-------++-------
Melee: Hand axe          |    75 |   108 ||   183
Throw: Boomerang         |     4 |     4 ||     8
 Stab: Sleeping          |     1 |       ||     1
Armor: Robe              |     9 |       ||     9
       Ring mail         |    25 |    38 ||    63
Dodge: Dodged            |    40 |    51 ||    91
Block: Buckler           |     6 |    12 ||    18

Table legend: (Time is in decaauts)
 A = Elapsed time spent in this place.
 B = Non-inter-level travel time spent in this place.
 C = Inter-level travel time spent in this place.
 D = Time resting spent in this place.
 E = Time spent auto-exploring this place.
 F = Levels seen in this place.
 G = Mean time per level.
                   A        B        C        D        E       F      G
               +--------+--------+--------+--------+--------+-----+--------+
         Total |   3387 |   3314 |     73 |    550 |   2136 |   4 |  846.8 |
       Dungeon |   3387 |   3314 |     73 |    550 |   2136 |   4 |  846.8 |
               +--------+--------+--------+--------+--------+-----+--------+

Top non-repeatable levels by time:
     D:3: 1633 daAuts
     D:2: 882 daAuts
     D:1: 840 daAuts
     D:4: 30 daAuts
